[ AOE2 MATCH · #506505709 ]
UnrankedEthiopians vs Persians
Rival team · LOSS
[ REPLAY ANALYSIS · EXTRACTED FROM THE RECORDED GAME ]
Feudal
9:44
Castle
24:16
Imperial
42:20
| APM avg | 74.4 |
| APM peak | 123 |
| eAPM avg | 21.9 |
| Villagers / military | 143 / 101 |
Focus
⚔️ 30.8% · 🌾 69.2%
Archer ×51 · Knight ×14 · Camel Scout ×11 · Shotel Warrior ×8 · Spearman ×4 · Trebuchet (Packed) ×4
Feudal
10:19
Castle
24:00
Imperial
37:14
| APM avg | 74.7 |
| APM peak | 156 |
| eAPM avg | 28.7 |
| Villagers / military | 116 / 80 |
Focus
⚔️ 25.0% · 🌾 75.0%
Skirmisher ×34 · Scorpion ×17 · Knight ×11 · Mangonel ×4 · Camel Scout ×4 · Militia ×3
Match map
Initial resources + every placement click. Lines = walls · curves = elevation contours. ◆ gold · ⬟ stone · ● berries · ✦ relic · ◌ wall gap
Your base· ✓ Closed at 24:16 · 40t walls · 3 gate(s)
pablo.isaza's base· ✓ Closed at 24:00 · 52t walls · 2 gate(s)
Smoothed initial terrain · ◌ = detected wall gap · hover for details
Inputs per minute
— Mr Robot - - pablo.isaza
Build order — Mr Robot
First 150 of 394 actions detected
| 0:01 | Queue | Villager (Male) |
| 0:01 | Queue | Villager (Male) |
| 0:01 | Queue | Villager (Male) |
| 0:02 | Build | House |
| 0:04 | Build | House |
| 1:12 | Queue | Villager (Male) |
| 1:13 | Queue | Villager (Male) |
| 1:13 | Queue | Villager (Male) |
| 1:49 | Queue | Villager (Male) |
| 1:49 | Queue | Villager (Male) |
| 2:26 | Queue | Villager (Male) |
| 2:26 | Queue | Villager (Male) |
| 2:27 | Queue | Villager (Male) |
| 2:35 | Build | Lumber Camp |
| 2:54 | Queue | Villager (Male) |
| 2:54 | Queue | Villager (Male) |
| 3:13 | Build | House |
| 3:14 | Build | House |
| 3:39 | Queue | Villager (Male) |
| 3:39 | Queue | Villager (Male) |
| 4:04 | Queue | Villager (Male) |
| 4:04 | Queue | Villager (Male) |
| 4:37 | Queue | Villager (Male) |
| 4:37 | Queue | Villager (Male) |
| 5:06 | Queue | Villager (Male) |
| 5:06 | Queue | Villager (Male) |
| 5:41 | Queue | Villager (Male) |
| 5:58 | Build | Mining Camp |
| 6:09 | Build | Palisade Wall |
| 6:19 | Queue | Villager (Male) |
| 6:19 | Queue | Villager (Male) |
| 6:43 | Research | Loom |
| 7:30 | Research | Feudal Age |
| 7:39 | Build | Palisade Wall |
| 7:43 | Build | Palisade Wall |
| 7:44 | Build | Palisade Gate |
| 7:47 | Build | Palisade Wall |
| 7:54 | Build | Palisade Wall |
| 8:45 | Build | Palisade Wall |
| 8:50 | Queue | Villager (Male) |
| 8:54 | Build | Barracks |
| 9:01 | Build | House |
| 9:03 | Queue | Villager (Male) |
| 9:44 | Age | Feudal Age |
| 10:00 | Queue | Villager (Male) |
| 10:01 | Research | Double-Bit Axe |
| 10:04 | Queue | Spearman |
| 10:08 | Build | Mill |
| 10:21 | Queue | Villager (Male) |
| 10:35 | Build | Archery Range |
| 10:38 | Queue | Villager (Male) |
| 11:23 | Queue | Spearman |
| 11:31 | Queue | Archer |
| 11:31 | Queue | Archer |
| 11:48 | Build | Farm |
| 11:54 | Queue | Villager (Male) |
| 12:00 | Build | House |
| 12:03 | Queue | Archer |
| 12:34 | Build | Farm |
| 12:43 | Build | Lumber Camp |
| 12:43 | Queue | Villager (Male) |
| 12:52 | Build | Farm |
| 12:56 | Build | Palisade Wall |
| 13:04 | Queue | Villager (Male) |
| 13:05 | Queue | Archer |
| 13:10 | Queue | Spearman |
| 13:16 | Build | Farm |
| 13:25 | Build | House |
| 13:29 | Build | Palisade Wall |
| 13:40 | Build | Farm |
| 13:41 | Queue | Villager (Male) |
| 14:07 | Build | Farm |
| 14:07 | Build | Farm |
| 14:17 | Build | Palisade Wall |
| 14:48 | Build | Palisade Gate |
| 15:07 | Queue | Villager (Male) |
| 15:07 | Queue | Villager (Male) |
| 15:12 | Queue | Villager (Male) |
| 15:22 | Queue | Archer |
| 15:28 | Build | Palisade Wall |
| 15:37 | Queue | Spearman |
| 15:40 | Build | Farm |
| 15:48 | Queue | Villager (Male) |
| 15:51 | Queue | Villager (Male) |
| 15:57 | Build | Palisade Wall |
| 16:00 | Build | Palisade Gate |
| 16:12 | Build | House |
| 16:12 | Research | Town Watch |
| 16:21 | Build | House |
| 16:30 | Build | Palisade Wall |
| 16:33 | Queue | Villager (Male) |
| 16:40 | Build | Blacksmith |
| 16:59 | Build | Farm |
| 16:59 | Build | Farm |
| 16:59 | Build | Farm |
| 17:08 | Queue | Archer |
| 17:08 | Queue | Archer |
| 17:19 | Queue | Villager (Male) |
| 17:37 | Queue | Villager (Male) |
| 17:50 | Build | Archery Range |
| 17:54 | Research | Fletching |
| 18:14 | Queue | Villager (Male) |
| 18:16 | Research | Padded Archer Armor |
| 18:32 | Build | House |
| 18:41 | Queue | Villager (Male) |
| 18:46 | Queue | Villager (Male) |
| 18:46 | Queue | Villager (Male) |
| 19:21 | Queue | Villager (Male) |
| 19:23 | Build | Farm |
| 19:24 | Build | Farm |
| 19:25 | Queue | Villager (Male) |
| 19:27 | Build | Market |
| 19:42 | Queue | Villager (Male) |
| 20:15 | Queue | Villager (Male) |
| 20:18 | Build | Farm |
| 20:18 | Build | Farm |
| 20:55 | Queue | Villager (Male) |
| 20:57 | Build | House |
| 21:21 | Research | Castle Age |
| 21:21 | Research | Castle Age |
| 21:39 | Queue | Archer |
| 21:39 | Queue | Archer |
| 21:39 | Queue | Archer |
| 21:39 | Queue | Archer |
| 22:02 | Build | Farm |
| 22:14 | Build | House |
| 22:22 | Research | Gold Mining |
| 22:58 | Queue | Villager (Male) |
| 22:58 | Queue | Villager (Male) |
| 23:00 | Build | Archery Range |
| 23:03 | Queue | Archer |
| 23:03 | Queue | Archer |
| 23:04 | Queue | Archer |
| 23:19 | Build | House |
| 23:41 | Queue | Archer |
| 23:41 | Queue | Archer |
| 24:12 | Queue | Archer |
| 24:12 | Queue | Archer |
| 24:16 | Age | Castle Age |
| 24:20 | Research | Crossbowman (upgrade) |
| 24:25 | Build | University |
| 24:45 | Research | Bodkin Arrow |
| 24:45 | Research | Leather Archer Armor |
| 24:58 | Build | Siege Workshop |
| 25:00 | Queue | Villager (Male) |
| 25:00 | Queue | Villager (Male) |
| 25:02 | Queue | Archer |
| 25:02 | Queue | Archer |
| 25:13 | Build | House |
| 25:42 | Research | Ballistics |
Build order — pablo.isaza
First 150 of 395 actions detected
| 0:01 | Queue | Villager (Male) |
| 0:01 | Queue | Villager (Male) |
| 0:02 | Build | House |
| 0:03 | Build | House |
| 0:18 | Queue | Villager (Male) |
| 0:40 | Queue | Villager (Male) |
| 0:46 | Queue | Villager (Male) |
| 1:22 | Queue | Villager (Male) |
| 1:33 | Build | Lumber Camp |
| 1:52 | Queue | Villager (Male) |
| 2:18 | Build | Palisade Wall |
| 2:26 | Queue | Villager (Male) |
| 2:46 | Queue | Villager (Male) |
| 2:46 | Queue | Villager (Male) |
| 3:11 | Queue | Villager (Male) |
| 3:26 | Queue | Villager (Male) |
| 3:39 | Build | House |
| 3:59 | Build | Barracks |
| 4:09 | Queue | Villager (Male) |
| 4:26 | Build | House |
| 4:45 | Queue | Villager (Male) |
| 5:04 | Queue | Militia |
| 5:04 | Queue | Militia |
| 5:08 | Queue | Militia |
| 5:10 | Queue | Villager (Male) |
| 5:24 | Queue | Villager (Male) |
| 5:43 | Queue | Villager (Male) |
| 5:53 | Queue | Villager (Male) |
| 6:02 | Build | Mill |
| 6:21 | Research | Loom |
| 8:15 | Research | Feudal Age |
| 8:15 | Research | Feudal Age |
| 9:03 | Build | Mill |
| 9:22 | Build | House |
| 10:04 | Queue | Villager (Male) |
| 10:19 | Age | Feudal Age |
| 10:21 | Build | Stable |
| 10:28 | Build | Farm |
| 10:28 | Build | Farm |
| 10:28 | Build | Farm |
| 10:28 | Build | Farm |
| 10:29 | Queue | Villager (Male) |
| 10:36 | Build | Palisade Wall |
| 10:40 | Queue | Villager (Male) |
| 10:49 | Research | Man-at-Arms (upgrade) |
| 10:50 | Research | Man-at-Arms (upgrade) |
| 11:00 | Build | Palisade Wall |
| 11:01 | Build | Palisade Wall |
| 11:02 | Queue | Scout Cavalry |
| 11:02 | Queue | Scout Cavalry |
| 11:12 | Queue | Villager (Male) |
| 11:29 | Build | Palisade Wall |
| 11:31 | Build | Farm |
| 11:33 | Queue | Villager (Male) |
| 11:50 | Queue | Scout Cavalry |
| 11:54 | Build | Farm |
| 12:00 | Build | Palisade Wall |
| 12:02 | Build | Palisade Wall |
| 12:08 | Build | House |
| 12:14 | Queue | Villager (Male) |
| 12:24 | Build | Farm |
| 12:47 | Queue | Villager (Male) |
| 12:52 | Build | Palisade Gate |
| 12:55 | Build | House |
| 13:01 | Queue | Villager (Male) |
| 13:04 | Build | Farm |
| 13:05 | Queue | Villager (Male) |
| 13:18 | Build | Palisade Gate |
| 13:26 | Queue | Villager (Male) |
| 13:30 | Queue | Villager (Male) |
| 13:35 | Queue | Villager (Male) |
| 14:11 | Queue | Villager (Male) |
| 14:13 | Build | Farm |
| 14:13 | Build | Farm |
| 14:48 | Queue | Villager (Male) |
| 14:51 | Queue | Villager (Male) |
| 14:53 | Build | Farm |
| 14:53 | Build | Farm |
| 15:07 | Queue | Villager (Male) |
| 15:11 | Build | House |
| 15:12 | Build | House |
| 15:16 | Build | Palisade Wall |
| 15:20 | Queue | Villager (Male) |
| 15:22 | Build | Farm |
| 15:30 | Build | Mining Camp |
| 15:35 | Queue | Villager (Male) |
| 15:39 | Build | Palisade Wall |
| 15:49 | Queue | Villager (Male) |
| 16:11 | Build | Archery Range |
| 16:19 | Build | Palisade Wall |
| 16:21 | Build | Palisade Wall |
| 16:25 | Build | House |
| 16:31 | Build | Palisade Wall |
| 16:32 | Queue | Villager (Male) |
| 16:54 | Research | Double-Bit Axe |
| 17:05 | Build | House |
| 17:11 | Queue | Villager (Male) |
| 17:21 | Queue | Villager (Male) |
| 17:30 | Build | House |
| 17:31 | Build | House |
| 17:35 | Build | Palisade Wall |
| 18:08 | Build | Palisade Wall |
| 18:10 | Build | Palisade Wall |
| 18:13 | Build | Blacksmith |
| 18:19 | Build | Farm |
| 18:19 | Build | Farm |
| 18:19 | Build | Farm |
| 18:37 | Build | Mining Camp |
| 18:45 | Queue | Villager (Male) |
| 19:10 | Build | Market |
| 19:22 | Build | Palisade Wall |
| 19:22 | Queue | Villager (Male) |
| 19:25 | Build | Farm |
| 19:35 | Build | Watch Tower |
| 19:40 | Research | Fletching |
| 19:48 | Queue | Skirmisher |
| 19:48 | Queue | Skirmisher |
| 19:48 | Queue | Skirmisher |
| 19:50 | Queue | Villager (Male) |
| 19:54 | Queue | Villager (Male) |
| 20:09 | Queue | Villager (Male) |
| 20:16 | Queue | Skirmisher |
| 20:17 | Queue | Skirmisher |
| 20:25 | Build | Farm |
| 20:26 | Build | Farm |
| 20:38 | Build | Farm |
| 20:43 | Build | Farm |
| 20:55 | Build | Palisade Gate |
| 21:12 | Queue | Villager (Male) |
| 21:24 | Research | Castle Age |
| 21:24 | Research | Castle Age |
| 21:41 | Build | Archery Range |
| 21:44 | Queue | Villager (Male) |
| 22:02 | Build | Palisade Wall |
| 22:16 | Queue | Skirmisher |
| 22:17 | Queue | Skirmisher |
| 22:30 | Research | Horse Collar |
| 22:31 | Research | Horse Collar |
| 22:36 | Research | Padded Archer Armor |
| 22:58 | Queue | Villager (Male) |
| 23:07 | Build | Mining Camp |
| 23:10 | Queue | Skirmisher |
| 23:11 | Queue | Skirmisher |
| 24:00 | Age | Castle Age |
| 24:07 | Queue | Villager (Male) |
| 24:14 | Queue | Villager (Male) |
| 24:24 | Build | Town Center |
| 24:29 | Queue | Cavalry Archer |
| 24:54 | Queue | Villager (Male) |
| 24:57 | Research | Elite Skirmisher (upgrade) |
Match timeline
| 2:18 | pablo.isaza · wall_segment Palisade Wall x1 |
| 3:59 | pablo.isaza · first_building Barracks |
| 6:09 | Mr Robot · wall_segment Palisade Wall x1 |
| 7:39 | Mr Robot · wall_segment Palisade Wall x1 |
| 7:43 | Mr Robot · wall_segment Palisade Wall x6 |
| 7:47 | Mr Robot · wall_segment Palisade Wall x1 |
| 7:54 | Mr Robot · wall_segment Palisade Wall x1 |
| 8:45 | Mr Robot · wall_segment Palisade Wall x1 |
| 8:54 | Mr Robot · first_building Barracks |
| 9:44 | Mr Robot · age_up feudal |
| 10:19 | pablo.isaza · age_up feudal |
| 10:21 | pablo.isaza · first_building Stable |
| 10:35 | Mr Robot · first_building Archery Range |
| 10:36 | pablo.isaza · wall_segment Palisade Wall x6 |
| 11:00 | pablo.isaza · wall_segment Palisade Wall x1 |
| 11:01 | pablo.isaza · wall_segment Palisade Wall x1 |
| 11:29 | pablo.isaza · wall_segment Palisade Wall x7 |
| 12:00 | pablo.isaza · wall_segment Palisade Wall x3 |
| 12:02 | pablo.isaza · wall_segment Palisade Wall x7 |
| 12:56 | Mr Robot · wall_segment Palisade Wall x1 |
| 13:29 | Mr Robot · wall_segment Palisade Wall x11 |
| 14:17 | Mr Robot · wall_segment Palisade Wall x6 |
| 15:16 | pablo.isaza · wall_segment Palisade Wall x3 |
| 15:28 | Mr Robot · wall_segment Palisade Wall x6 |
| 15:39 | pablo.isaza · wall_segment Palisade Wall x4 |
| 15:57 | Mr Robot · wall_segment Palisade Wall x5 |
| 16:11 | pablo.isaza · first_building Archery Range |
| 16:19 | pablo.isaza · wall_segment Palisade Wall x4 |
| 16:21 | pablo.isaza · wall_segment Palisade Wall x3 |
| 16:30 | Mr Robot · wall_segment Palisade Wall x1 |
| 16:31 | pablo.isaza · wall_segment Palisade Wall x3 |
| 17:35 | pablo.isaza · wall_segment Palisade Wall x2 |
| 18:08 | pablo.isaza · wall_segment Palisade Wall x2 |
| 18:10 | pablo.isaza · wall_segment Palisade Wall x3 |
| 19:22 | pablo.isaza · wall_segment Palisade Wall x1 |
| 20:13 | pablo.isaza · first_market_buy 100 wood |
| 21:18 | Mr Robot · first_market_buy 100 food |
| 22:02 | pablo.isaza · wall_segment Palisade Wall x1 |
| 23:48 | Mr Robot · first_market_sell 100 wood |
| 24:00 | pablo.isaza · age_up castle |
| 24:16 | Mr Robot · age_up castle |
| 24:58 | Mr Robot · first_building Siege Workshop |
| 27:42 | pablo.isaza · first_building Siege Workshop |
| 28:21 | Mr Robot · first_building Stable |
| 29:00 | pablo.isaza · first_building Castle |
| 36:25 | Mr Robot · first_building Castle |
| 37:14 | pablo.isaza · age_up imperial |
| 41:50 | Mr Robot · first_building Monastery |
| 42:20 | Mr Robot · age_up imperial |
| 53:23 | pablo.isaza · resign |
[ AI ANALYSIS · 1 CREDIT ]
What really happened in this match?
Wolo.gg analyzes every decision: build order, eco, micro, common mistakes by bracket. Personalized analysis on WhatsApp or Discord in 30 seconds.
Civ guide
Ethiopians
Perfil
Jugador #1960720